AoeStats
← [GG] Shevchenko 7

MegaRandom

506302356Analyzed
2v2 RM · 21d ago on Sep 13, 2026· 41m 29s· 4 players
Game mode
Random Map
Map size
Medium (4 player)
Population
200
Speed
Normal
Resources
Standard
Victory
Conquest
Starting age
Dark Age
Ending age
Imperial Age
RankedLock teamsTeams togetherTeam positionsShared explorationLock speedFull tech treeHidden civsTurbo modeCheats
Victory
Defeat
🇺🇸 Goths · United States
1102
+13
🇦🇷 Malay · Argentina
1048
+14
1034
-14
🇧🇷 Portuguese · Brazil
1018
-13
BigPharmA
11:39 Feudal Age
9:57 Loom
11:43 Feudal Age
12:13 Man-at-Arms
12:50 Horse Collar
12:58 Double-Bit Axe
14:42 Scale Mail Armor
14:54 Forging
16:15 Wheelbarrow
17:59 Scale Barding Armor
23:02 Castle Age
22:48 Gold Mining
23:54 Bloodlines
23:48 Squires
23:08 Long Swordsman
24:53 Heavy Plow
26:22 Scale Barding Armor
26:46 Pikeman
32:53 Hand Cart
36:46 Imperial Age
36:54 Imperial Age
35:19 Anarchy
35:14 Stone Mining
36:45 Iron Casting
36:26 Chain Mail Armor
36:51 Husbandry
36:12 Light Cavalry
37:59 Conscription
37:03 Halberdier
39:33 Blast Furnace
38:25 Two-Handed Swordsman
40:39 Elite Huskarl
PTAR2 | Cesar556
5:34 Loom
9:46 Feudal Age
9:34 Double-Bit Axe
16:37 Horse Collar
18:02 Fletching
18:16 Gold Mining
23:24 Castle Age
23:06 Scale Barding Armor
24:20 Husbandry
27:39 Stone Mining
28:53 Town Watch
30:05 Redemption
33:21 Wheelbarrow
33:06 Bodkin Arrow
35:45 Herbal Medicine
40:19 Imperial Age
39:06 Ballistics
40:59 Forging
42:26 Iron Casting
[GG] Raúl González Blanco
8:43 Loom
11:09 Feudal Age
20:06 Castle Age
25:13 Double-Bit Axe
26:03 Town Watch
28:04 Kamandaran
29:32 Crossbowman
32:34 Crossbowman
33:52 Bloodlines
33:43 Husbandry
33:48 Crossbowman
34:24 Fletching
35:31 Light Cavalry
38:49 Town Patrol
[GG] Shevchenko 7
3:52 Loom
12:53 Feudal Age
18:05 Fletching
19:56 Padded Archer Armor
26:01 Castle Age
Connection lost

Rejoining the realm…

Still unreachable

The connection could not be restored.

Session expired

The server has moved on; the page needs a fresh start.